 Dungeon Crawl Stone Soup version 0.23.2-33-g5129a83184 (webtiles) character file.

Game seed: 535296190198484718

119 redwoodhats the Ruffian (level 5, -2/41 (46) HPs)
             Began as a Ghoul Chaos Knight on July 24, 2019.
             Was a Plaything of Xom.
             Killed from afar by Natasha (3 damage)
             ... with a magic dart
             ... on level 2 of the Dungeon.
             The game lasted 00:08:56 (1624 turns).

redwoodhats the Ruffian (Ghoul Chaos Knight)        Turns: 1624, Time: 00:08:57

HP:   -2/41 (46)    AC:  6    Str: 17    XL:     5   Next: 3%
MP:   4/4           EV: 11    Int:  7    God:    Xom [.*....]
Gold: 96            SH:  0    Dex:  8    Spells: 4/4 levels left

rFire    . . .     SeeInvis .   h - +2 short sword (freeze)
rCold    + . .     Gourm    .   (no shield)
rNeg     + + +     Faith    .   a - +3 leather armour
rPois    ∞         Spirit   .   (no helmet)
rElec    .         Reflect  .   (no cloak)
rCorr    .         Harm     .   (no gloves)
MR       .....                  (no boots)
Stlth    +.........             (no amulet)
HPRegen  0.00/turn              (no ring)
MPRegen  0.09/turn              (no ring)

@: rotting
A: rotting body, claws 1, carnivore, cold resistance 1, negative energy
resistance 3, inhibited regeneration, torment resistance, unbreathing
a: Renounce Religion


You were on level 2 of the Dungeon.
You worshipped Xom.
You were a plaything of Xom.
You were not hungry.

You visited 1 branch of the dungeon, and saw 3 of its levels.

You collected 96 gold pieces.

Inventory:

Hand Weapons
 h - a +2 short sword of freezing (weapon)
Missiles
 l - 8 tomahawks (quivered)
Armour
 a - a +3 leather armour (worn)
 i - a +0 helmet
Wands
 j - a wand of digging (3)
Scrolls
 c - 2 scrolls of identify
 g - 3 scrolls of enchant armour
Potions
 e - a potion of agility
 k - a potion of ambrosia


   Skills:
 + Level 4.1 Fighting
 + Level 0.6 Short Blades
 + Level 2.4 Armour
 + Level 1.2 Dodging
 + Level 0.2 Stealth
 + Level 4.8 Unarmed Combat


You had 4 spell levels left.
You didn't know any spells.
Your spell library was empty.

Dungeon Overview and Level Annotations

Branches:
Dungeon (3/15)

Altars:

Annotations:
D:2 Natasha
D:3 Jessica


Innate Abilities, Weirdness & Mutations

Your body is rotting away.
You thrive on raw meat.
You are immune to poison.
You have sharp fingernails.
You are carnivorous and can eat meat at any time.
Your flesh is cold resistant. (rC+)
You are immune to negative energy. (rN+++)
You do not regenerate when monsters are visible.
You are immune to unholy pain and torment.
You can survive without breathing.


Message History

The iron imp disappears in a puff of smoke!
Xom grants you insight.
You detect nothing.
You are now a plaything of Xom.
There is a stone staircase leading down here.
You climb downwards.
Jessica the Apprentice Sorceress comes into view.
She is wielding a +0 club.
Jessica shouts!
You hear a shout!
Found a scroll labeled AMPONLOTUK.
There is a stone staircase leading up here.
You climb upwards.
Level annotation: Natasha Natasha closely misses you.
There is a stone staircase leading down here.
Okay, then.
Natasha mumbles some strange words.
Natasha stares at you and mumbles some strange words.
The magic dart hits you.
You die...
Xom thinks this is hilarious!

.(...............#.#
.......###########.#
.............#...#.#
..........##.#.#.#.#
..........##.#.#.#.#
#######...'..#.#.#.#
#...####.#.#.# #.###
#.#.#.# # #.# #.#@#.#
# #.# #.#.#.# # #.#
#.#h#.#
#######.######.#.#.#
...............5>..#
#####.#.######5#.###
###..##............#
##..###........######
#.h## #.............#


You could see Natasha and a shadow imp.

Vanquished Creatures
  Terence (D:2)
  Natasha (D:2)
  Robin (D:2)
  A worm (D:2)
  3 dart slugs
  A giant cockroach (D:2)
  11 goblins (D:2)
  10 hobgoblins
  4 jackals (D:1)
  3 bats (D:1)
  A frilled lizard (D:1)
  4 kobolds
  6 rats
47 creatures vanquished.

Notes
Turn   | Place    | Note
-------+----------+-------------------------------------------
     0 | D:1      | redwoodhats the Ghoul Chaos Knight began the quest for the
                  | Orb.
     0 | D:1      | Reached XP level 1. HP: 19/19 MP: 0/0
    77 | D:1      | Reached XP level 2. HP: 23/26 MP: 1/1
   603 | D:1      | Reached XP level 3. HP: 22/30 MP: 2/2
   608 | D:1      | XOM: divination: detect items
   940 | D:2      | XOM: divination: detect items
   959 | D:2      | Noticed Terence
   964 | D:2      | XOM: potion effect (might)
   967 | D:2      | Killed Terence
   967 | D:2      | Reached skill level 1 in Dodging
   970 | D:2      | Reached XP level 4. HP: 35/35 MP: 3/3
   983 | D:2      | Noticed Robin
  1003 | D:2      | XOM: smoke on damage
  1019 | D:2      | Killed Robin
  1188 | D:2      | Noticed Natasha
  1197 | D:2      | Killed Natasha
  1197 | D:2      | Reached XP level 5. HP: 16/41 MP: 4/4
  1458 | D:2      | XOM: divination: detect creatures
  1583 | D:2      | Noticed Natasha
  1610 | D:2      | HP: 1/41 [iron imp[Natasha] (4)]
  1616 | D:2      | XOM: divination: detect items
  1618 | D:3      | Noticed Jessica
  1624 | D:2      | Killed from afar by Natasha

Skill      XL: |  1  2  3  4 |
---------------+-------------+-----
Armour         | 2 |  2.4
Unarmed Combat | 4 |  4.8
Dodging        | 1 |  1.2
Fighting       | 4 |  4.1
Short Blades   | |  0.6
Stealth        | |  0.2

Action                   |  1- 3 |  4- 6 || total
-------------------------+-------+-------++-------
Melee: Unarmed           |    73 |       ||    73
       Punch             |     1 |     1 ||     2
       Short sword       |       |    58 ||    58
  Use: Potion            |     1 |     1 ||     2
       Scroll            |       |     5 ||     5
  Eat: Ration            |       |     1 ||     1
Armor: Leather armour    |    25 |    13 ||    38
Dodge: Dodged            |    31 |    30 ||    61
